 Dungeon Crawl Stone Soup version 0.29.1-14-g9c671dbff4 (webtiles) character file.

Game seed: 18398585217275562238

199 hawla the Chiller (level 6, 0/45 HPs)
             Began as a Meteoran Ice Elementalist on Feb 12, 2023.
             Slain by Menkaure (13 damage)
             ... on level 4 of the Dungeon.
             The game lasted 00:03:13 (519 turns).

hawla the Chiller (Meteoran Ice Elementalist)        Turns: 519, Time: 00:03:13

Health: 0/45       AC: 10    Str:  6    XL:     6   Next: 28%
Magic:  12/12      EV: 13    Int: 19    God:
Gold:   67         SH:  0    Dex: 14    Spells: 3/11 levels left

rFire   . . .      SeeInvis .   b - +10 lajatang "Imaasad" {protect, rElec rC+ Str-4}
rCold   + . .      Faith    .   (shield currently unavailable)
rNeg    . . .      Spirit   .   a - +1 robe
rPois   .          Reflect  .   (no helmet)
rElec   +          Harm     .   (no cloak)
rCorr   .          Rampage  .   (no gloves)
Will    .....                   (no boots)
Stlth   +.........              (no amulet)
HPRegen 0.15/turn               (no ring)
MPRegen 0.13/turn               (no ring)

@: under a protective aura, glowing
A: sense surroundings 1, otherworldly, glowing, explore regen
a: no special abilities


You were on level 4 of the Dungeon.
You visited 1 branch of the dungeon, and saw 4 of its levels.

You collected 67 gold pieces.

Inventory:

Hand Weapons
 b - the +10 lajatang "Imaasad" (weapon) {protect, rElec rC+ Str-4}
   (You acquired it on level 3 of the Dungeon)

   It grants its wielder temporary protection when it strikes (+7 to AC).
   Str:       It affects your strength (-4).
   rC:        It protects you from cold.
   rElec:     It insulates you from electricity.
Armour
 a - a +1 robe (worn)
Wands
 g - a wand of charming (6)
 h - a wand of flame (15)
Scrolls
 e - 2 scrolls of enchant weapon {unknown}
Potions
 c - a potion of lignification {unknown}
 d - a potion of berserk rage {unknown}
 f - a potion of ambrosia {unknown}
 i - a potion of degeneration {unknown}


   Skills:
 - Level 3.1 Dodging
 - Level 1.4 Stealth
 - Level 3.3 Spellcasting
 + Level 4.1 Conjurations
 - Level 5.7 Ice Magic


You had 3 spell levels left.
You knew the following spells:

 Your Spells              Type           Power      Damage    Failure   Level
a - Freeze                Ice            96%        1d11      1%          1
b - Frozen Ramparts       Ice            48%        1d8       4%          3
c - Hailstorm             Conj/Ice       21%        3d6       19%         4

Your spell library contained the following spells:

 Spells                   Type           Power      Damage    Failure   Level
 Ozocubu's Armour         Ice            24%        N/A       4%          3


Dungeon Overview and Level Annotations

Branches:
Dungeon (4/15) Zot: 1873
 Temple: D:4-7

Altars:

Portals:
Sewer: D:4

Annotations:
D:4 Menkaure


Innate Abilities, Weirdness & Mutations

You passively map a small area around you.
You are easily found by Zot.
You glow in the dark.
You regain HP and MP as you explore.


Message History

You now have 67 gold pieces (gained 14).
A giant cockroach comes into view.
A worm comes into view.
Found a glowing drain.
You barely miss the giant cockroach.
You hear the slow rusting of a drain very nearby.
The giant cockroach barely misses you.
You hit the giant cockroach.
Your weapon exudes an aura of protection.
The giant cockroach is moderately wounded.
The giant cockroach barely misses you. The giant cockroach misses you.
You slice the giant cockroach!!
You kill the giant cockroach!
A rat comes into view.
Menkaure, Prince of Dust comes into view.
Found a wand of charming (8).
Menkaure shouts!
Menkaure casts a spell.
Menkaure seems to speed up.
The worm closely misses you.
A gnoll comes into view. It is wielding a +0 halberd.
The gnoll shouts!
You slice the worm!!
You kill the worm!
You hear a shout!
A scorpion comes into view.
A gnoll comes into view. It is wielding a +0 spear.
Menkaure casts a spell at you.
You struggle to resist.
Menkaure hits you.
You barely miss Menkaure. Menkaure barely misses you. Menkaure misses you.
Menkaure attacks as you move away! Menkaure hits you!
The scorpion completely misses you.
You slash Menkaure!
Your weapon exudes an aura of protection.
Menkaure is heavily damaged.
The scorpion barely misses you. Menkaure hits you!
* * * LOW HITPOINT WARNING * * *
A gnoll comes into view.
It is wielding a +2 flail of holy wrath and wearing an orb of guile.
The scorpion barely misses you. Menkaure hits you!
You die...

.......................
........................
........................
,
........................
,
........................
........................
........................
...............Ms....#..
................@../..#
.............g........# ,
.......[......†.......#
**
..............#r.~#...# ,
..............~~~~~...# ,
............#~~~~~~~#.#
.(...........~~~~~~~...#,
.. .......g..~~~∩~~~....
., ...g....~~~~~~~~.


You could see Menkaure (fast), a scorpion, 2 gnolls and a rat.

Vanquished Creatures
  A phantom (D:3)
  A scorpion (D:2)
  An adder (D:3)
  4 gnolls (D:3)
  2 worms
  An endoplasm (D:2)
  2 giant cockroaches
  A quokka (D:3)
  A ball python (D:3)
  A frilled lizard (D:3)
  A goblin (D:2)
  3 kobolds
19 creatures vanquished.

Notes
Turn   | Place    | Note
-------+----------+-------------------------------------------
     0 | D:1      | hawla the Meteoran Ice Elementalist began the quest for the
                  | Orb.
     0 | D:1      | Reached XP level 1. HP: 14/14 MP: 5/5
    81 | D:2      | Noticed a scorpion
    88 | D:2      | Killed a scorpion
    89 | D:2      | Reached skill level 5 in Ice Magic
    89 | D:2      | Reached XP level 2. HP: 15/20 MP: 7/7
    89 | D:2      | Reached XP level 3. HP: 19/26 MP: 8/8
    89 | D:2      | Reached XP level 4. HP: 24/33 MP: 9/9
    93 | D:2      | Learned a level 3 spell: Frozen Ramparts
   149 | D:3      | Identified a scroll of acquirement
   149 | D:3      | Acquired the +10 lajatang "Imaasad" {protect, rElec rC+
                  | Str-4}
   242 | D:3      | Learned a level 4 spell: Hailstorm
   250 | D:3      | Reached skill level 1 in Conjurations
   250 | D:3      | Reached XP level 5. HP: 30/38 MP: 2/11
   333 | D:3      | Noticed a phantom
   342 | D:3      | Killed a phantom
   343 | D:3      | Reached XP level 6. HP: 39/45 MP: 12/12
   507 | D:4      | Found a glowing drain.
   512 | D:4      | Noticed Menkaure
   519 | D:4      | Slain by Menkaure

Illustrated notes

Levels and vault maps discovered:
D:1:      lemuel_arrival_rhombus, layout_loops_cross,
          chequers_ecumenical_altar_simple
D:2:      layout_basic
D:3:      layout_basic, serial_shops, nicolae_shop_competitors_out_of_business,
          uniq_grinder, uniq_terence
D:4:      layout_layer_cave, cheibrodos_sewer_entry_drain,
          grunt_decor_mini_mirrors, minmay_diced_spiral, uniq_menkaure,
          uniq_blork_the_orc

Skill      XL: |  1  2  3  4  5 |
---------------+----------------+-----
Spellcasting   | 3 |  3.3
Ice Magic      | 5 |  5.7
Dodging        | 3 |  3.1
Conjurations   | 1 4 |  4.1
Stealth        | |  1.4

Action                   |  1- 3 |  4- 6 || total
-------------------------+-------+-------++-------
Melee: Unarmed           |       |     1 ||     1
       Lajatang          |       |    19 ||    19
 Cast: Freeze            |     7 |     9 ||    16
       Frozen Ramparts   |       |     5 ||     5
  Use: Potion            |     1 |       ||     1
       Scroll            |       |     2 ||     2
Armor: Robe              |     2 |     4 ||     6
Dodge: Dodged            |     3 |    25 ||    28
